 Dungeon Crawl Stone Soup version 0.21.1-1-g345015f (webtiles) character file.

111 wojtek the Conjurer (level 5, 0/28 HPs)
             Began as a Kobold Conjurer on Apr 1, 2018.
             Hit by a stone thrown by a big kobold (3 damage)
             ... in a sewer.
             The game lasted 00:03:56 (2746 turns).

wojtek the Conjurer (Kobold Conjurer)               Turns: 2746, Time: 00:03:56

Health: 0/28       AC:  2    Str:  5    XL:     5   Next: 15%
Magic:  1/8        EV: 15    Int: 17    God:
Gold:   95         SH:  0    Dex: 16    Spells: 7/8 levels left

rFire    . . .     SeeInvis .   j - +0 dagger
rCold    . . .     Gourm    .   (shield restricted)
rNeg     . . .     Faith    .   a - +0 robe
rPois    .         Spirit   .   (no helmet)
rElec    .         Reflect  .   (no cloak)
rCorr    .         Harm     .   (no gloves)
MR       .....                  (no boots)
Stlth    ++........             (no amulet)
HPRegen  0.09/turn              (no ring)
MPRegen  0.11/turn              (no ring)

@: no status effects
A: small, carnivore
a: no special abilities


You were in a sewer.
You were completely stuffed.

You visited 1 branch of the dungeon, and saw 3 of its levels.
You also visited: Sewer.

You collected 95 gold pieces.

Inventory:

Hand Weapons
 j - a +0 dagger (weapon)
Missiles
 e - 38 sling bullets
 f - 98 stones (quivered)
Armour
 a - a +0 robe (worn)
 i - a cursed +0 leather armour
Scrolls
 d - 2 scrolls of immolation {unknown}
 h - a scroll of blinking {unknown}
 l - 2 scrolls of teleportation {unknown}
 n - a scroll of amnesia {unknown}
 p - a scroll of identify {unknown}
 s - a scroll of remove curse {unknown}
 t - a scroll of magic mapping {unknown}
Potions
 g - a potion of haste {unknown}
 k - 2 potions of flight {unknown}
 m - a potion of curing {unknown}
 o - a potion of lignification {unknown}
 q - a potion of magic {unknown}
 u - a potion of heal wounds {unknown}
Books
 b - a book of Conjurations

   Spells                             Type                      Level
   a - Magic Dart                     Conjuration                  1
   b - Searing Ray                    Conjuration                  2
   c - Dazzling Spray                 Conjuration/Hexes            3
   d - Fulminant Prism                Conjuration/Hexes            4
   e - Force Lance                    Conjuration/Translocation    4
   f - Iskenderun's Mystic Blast      Conjuration                  4
Comestibles
 c - 5 rations
 r - 3 chunks of flesh


   Skills:
 - Level 2.4 Dodging
 - Level 2.6 Stealth
 - Level 2.1 Spellcasting
 + Level 6.1 Conjurations


You had 7 spell levels left.
You knew the following spells:

 Your Spells              Type           Power        Failure   Level  Hunger
a - Magic Dart            Conj           ###.         1%          1    #......


Dungeon Overview and Level Annotations

Branches:
Dungeon (3/15)

Altars:
Dithmenos
Elyvilon
Fedhas
Uskayaw


Innate Abilities, Weirdness & Mutations

You are small and have problems with some larger weapons.
You are carnivorous and can eat meat at any time.


Message History

Unknown command.
You hit the big kobold but do no damage.
The big kobold is moderately wounded.
The big kobold barely misses you. The kobold barely misses you.
You hit the big kobold but do no damage.
The big kobold is moderately wounded.
The big kobold hits you.
The kobold splashes around in the water.
The kobold closely misses you.
You hit the big kobold but do no damage.
The big kobold is moderately wounded.
The big kobold hits you. The kobold barely misses you. x2
You hit the big kobold.
The big kobold is moderately wounded.
The big kobold hits you. The kobold hits you.
* * * LOW HITPOINT WARNING * * *
The kobold hits you.
* * * LOW HITPOINT WARNING * * *
The big kobold throws a stone.
The stone hits you.
You die...

###.≈≈≈≈# #.≈≈≈.#
##.≈≈≈.##
#.≈≈≈≈≈≈################
#..≈≈≈≈≈≈≈≈≈≈≈≈≈≈≈≈≈≈≈≈≈
#≈.≈≈≈.≈################
#..≈≈≈≈≈# #.≈≈≈≈≈≈#
#≈≈≈≈≈≈@# #≈≈≈≈≈K(#
#.≈≈≈≈KK# #..≈≈≈KK#
#..≈.≈≈K# ####.#### ..
... #..


You could see a big kobold and 5 kobolds.

Vanquished Creatures
  Jessica (D:2)
  2 adders (D:2)
  A river rat (Sewer)
  An ooze (D:2)
  A worm (D:3)
  3 dart slugs
  6 bats
  6 goblins
  6 hobgoblins
  2 jackals (Sewer)
  A quokka (D:3)
  2 ball pythons (D:1)
  5 frilled lizards
  3 kobolds
  8 rats
48 creatures vanquished.

Notes
Turn   | Place    | Note
-------+----------+-------------------------------------------
     0 | D:1      | wojtek the Kobold Conjurer began the quest for the Orb.
     0 | D:1      | Reached XP level 1. HP: 10/10 MP: 3/3
   363 | D:1      | Reached XP level 2. HP: 4/15 MP: 0/5
  1087 | D:1      | Reached XP level 3. HP: 19/19 MP: 4/6
  1578 | D:2      | Noticed Jessica
  1581 | D:2      | Killed Jessica
  1581 | D:2      | Reached skill level 5 in Conjurations
  1581 | D:2      | Reached XP level 4. HP: 24/24 MP: 3/7
  1730 | D:2      | Found a blossoming altar of Fedhas.
  1891 | D:2      | Found a white marble altar of Elyvilon.
  2020 | D:2      | Noticed a dagger
  2021 | D:2      | Noticed a hand axe
  2021 | D:2      | Found a hide-covered altar of Uskayaw.
  2193 | D:2      | Found a faded altar of an unknown god.
  2458 | D:3      | Found a shadowy altar of Dithmenos.
  2550 | D:3      | Found a glowing drain.
  2629 | Sewer    | Entered a sewer
  2631 | Sewer    | Reached skill level 6 in Conjurations
  2631 | Sewer    | Reached XP level 5. HP: 28/28 MP: 5/8
  2726 | Sewer    | Noticed a big kobold
  2746 | Sewer    | Hit by a stone thrown by a big kobold

Skill      XL: |  1  2  3  4 |
---------------+-------------+-----
Conjurations   | 5 6 |  6.1
Dodging        | |  2.4
Stealth        | |  2.6
Spellcasting   | |  2.1

Action                   |  1- 3 |  4- 6 || total
-------------------------+-------+-------++-------
Melee: Unarmed           |     9 |       ||     9
       Dagger            |    22 |    44 ||    66
 Cast: Magic Dart        |    39 |    51 ||    90
 Stab: Sleeping          |     2 |     1 ||     3
  Eat: Chunk             |    10 |     5 ||    15
Armor: Robe              |     2 |     5 ||     7
Dodge: Dodged            |    32 |    57 ||    89
